 Dungeon Crawl Stone Soup version 0.24-a0-584-g9d6b971 (webtiles) character file.

Game seed: 3696408064543477264, levelgen mode: deterministic

40 Dorkslayer the Skirmisher (level 3, 0/26 HPs)
             Began as an Octopode Fighter on Aug 30, 2019.
             Succumbed to goblin's curare-tipped dart
             ... on level 2 of the Dungeon on Aug 31, 2019.
             The game lasted 00:05:04 (1175 turns).

Dorkslayer the Skirmisher (Octopode Fighter)        Turns: 1175, Time: 00:05:05

Health: 0/26       AC:  1    Str: 16    XL:     3   Next: 50%
Magic:  4/4        EV: 11    Int: 10    God:
Gold:   5          SH:  8    Dex: 11    Spells: 3/3 levels left

rFire    . . .     SeeInvis .   a - +0 long sword
rCold    . . .     Gourm    .   b - +0 shield
rNeg     . . .     Faith    .   (helmet restricted)
rPois    .         Spirit   .   (no amulet)
rElec    .         Reflect  .   (no ring)
rCorr    .         Harm     .   (no ring)
MR       .....                  (no ring)
Stlth    +++.......             (no ring)
HPRegen  0.08/turn              (no ring)
MPRegen  0.09/turn              (no ring)
                                (no ring)
                                (no ring)

@: lethally poisoned (0 -> -2), slowed, very slow
A: almost no armour, stealthy swim, amphibious, 8 rings, constrict 8, camouflage
1, gelatinous body 1
a: no special abilities


You were on level 2 of the Dungeon.
You were not hungry.

You visited 1 branch of the dungeon, and saw 2 of its levels.

You collected 5 gold pieces.

Inventory:

Hand Weapons
 a - a +0 long sword (weapon)
 l - a +0 dagger
Armour
 b - a +0 shield (worn)
Scrolls
 k - 2 scrolls of identify {unknown}
 m - 2 scrolls of magic mapping {unknown}
Potions
 c - a potion of might
 e - a potion of cancellation {unknown}
 g - 2 potions of haste {unknown}
 h - a potion of mutation {unknown}
 i - a potion of flight {unknown}
 j - a potion of heal wounds {unknown}
Comestibles
 d - 3 rations
 f - 2 chunks of flesh


   Skills:
 * Level 3.4 Fighting
 + Level 2.2 Long Blades
 + Level 3.1 Dodging
 * Level 1.8 Stealth
 + Level 3.1 Shields
 * Level 0.8 Spellcasting


You had 3 spell levels left.
You didn't know any spells.
Your spell library was empty.

Dungeon Overview and Level Annotations

Branches:
Dungeon (2/15)

Altars:


Innate Abilities, Weirdness & Mutations

You cannot wear most types of armour.
You are very stealthy in the water. (Stealth+)
You are amphibious.
You can wear up to eight rings at the same time.
You can use your tentacles to constrict eight enemies at once.
Your skin changes colour to match your surroundings (Stealth+).
Your rubbery body absorbs attacks. (AC +1, EV +1)


Message History

You are poisoned.
You have difficulty breathing.
You feel yourself slow down.
You feel sick. You block the bat's attack. x2
The goblin throws a curare-tipped dart.
The curare-tipped dart barely misses you.
Some of the chunks of flesh in your inventory have rotted away.
You see here a hobgoblin corpse.
You feel sick. The bat hits you but does no damage.
You see here a curare-tipped dart.
You block the bat's attack.
You feel sick. You block the bat's attack. The bat misses you.
Things that are here:
a +0 dagger; a kobold corpse You slash the bat!
You kill the bat!
The goblin hits you.
* * * LOW HITPOINT WARNING * * *
You slash the goblin!
You kill the goblin!
You die...

........# ## ...
#.......# #. ....
#.......# .? #...#
##.......# .# #....
###........# .# ......
...#.....# ##.#
......##((. ##.####<.#
.......#.####.......##
.......†K†@........##
.........##........#
.......####....÷...#
...................#
......#####........#
...... #........#
...... ##########
......


You could see a kobold.

Vanquished Creatures
  An adder (D:2)
  A worm (D:2)
  A dart slug (D:1)
  A giant cockroach (D:1)
  5 goblins
  3 hobgoblins
  7 bats
  3 frilled lizards (D:1)
  3 kobolds
  2 rats (D:2)
27 creatures vanquished.

Notes
Turn   | Place    | Note
-------+----------+-------------------------------------------
     0 | D:1      | Dorkslayer the Octopode Fighter began the quest for the
                  | Orb.
     0 | D:1      | Reached XP level 1. HP: 16/16 MP: 1/1
   234 | D:1      | Reached XP level 2. HP: 19/21 MP: 2/2
   590 | D:1      | Reached skill level 1 in Stealth
   950 | D:2      | Reached XP level 3. HP: 15/26 MP: 3/3
  1174 | D:2      | HP: 1/26 [goblin (4)]
  1175 | D:2      | Succumbed to goblin's curare-tipped dart

Levels and vault maps discovered:
D:1:      minmay_arrival_up_and_down, layout_basic, palyth_stone_intersect,
          chequers_serial_rivers_micro_e
D:2:      layout_rooms, nicolae_overflow_crystal_walls

Skill      XL: |  1  2 |
---------------+-------+-----
Stealth        | 1 |  1.8
Fighting       | |  3.4
Long Blades    | |  2.2
Dodging        | |  3.1
Shields        | |  3.1
Spellcasting   | |  0.8

Action                   || total
-------------------------++-------
Melee: Long sword        ||    42
       Constrict         ||    12
       Tentacles         ||     7
 Stab: Sleeping          ||     5
  Eat: Chunk             ||     1
Armor: Skin              ||     4
Dodge: Dodged            ||    23
Block: Shield            ||    16
       Rpst.: Long sword ||     8

Table legend:
 A = Non-vault XP
 B = Vault XP
 C = Vault XP percentage of total XP
 D = Non-vault monster count
 E = Vault monster count
 F = Vault count percentage of total count
                 A         B        C        D         E       F
            +---------+---------+-------+---------+---------+-------
      Total |      58 |       0 |   0.0 |      27 |       0 |   0.0
            +---------+---------+-------+---------+---------+-------
        D:1 |      27 |       0 |   0.0 |      17 |       0 |   0.0
        D:2 |      31 |       0 |   0.0 |      10 |       0 |   0.0
            +---------+---------+-------+---------+---------+-------
